PL
OAKLAND OAKS @ NORTHERN VIRGINIA RAINBOW MERMAIDS
09/11/2031
 
TOP OF THE 1ST
Oakland Oaks batting - Pitching for Northern Virginia Rainbow Mermaids : RHP Aurelio López
Pitching: RHP Aurelio López
Batting: SHB Luis Luquín 0-0: Hit by Pitch
Batting: RHB Colin O'Connell 0-0: Fielders Choice at 2nd, 1-6 (Groundball, 13)
Batting: RHB Mike Wazowski 0-0: Swinging Strike
0-1: Ground out U3 (Groundball, 34S)
Colin O'Connell to second
Batting: RHB Yehonatan Chazan 0-0: Called Strike
0-1: Ball
1-1: 2-RUN HOME RUN (Flyball, 7D), Distance : 393 ft
Batting: RHB Joseph Papasogli 0-0: Ball
1-0: SINGLE (Groundball, 56D)
Batting: RHB Joe Phillips 0-0: Ground out 4-3 (Groundball, 4)
Top of the 1st over - 2 runs, 2 hits, 0 errors, 1 left on base; Oakland 2 - Northern Virginia 0
BOTTOM OF THE 1ST
Northern Virginia Rainbow Mermaids batting - Pitching for Oakland Oaks : LHP Felipe Lozano
Pitching: LHP Felipe Lozano
Batting: RHB Colt Cabana 0-0: Ball
1-0: Called Strike
1-1: Swinging Strike
1-2: Ball
2-2: Foul Ball, location: 2F
2-2: Foul Ball, location: 2F
2-2: Ground out 5-3 (Groundball, 56S)
Now at 3B: Joaquín Reyes
Batting: RHB Zahid Kashani 0-0: Called Strike
0-1: Called Strike
0-2: Ball
1-2: Ground out 5-3 (Groundball, 56S)
Batting: LHB Scott Kerin 0-0: Swinging Strike
0-1: Ball
1-1: Ball
2-1: Foul Ball, location: 2F
2-2: Ball
3-2: SINGLE (Line Drive, 6M)
Batting: SHB Galtero Suárez 0-0: Called Strike
0-1: Ball
1-1: Ball
2-1: Ground out 4-3 (Groundball, 4)
Bottom of the 1st over - 0 runs, 1 hit, 0 errors, 1 left on base; Oakland 2 - Northern Virginia 0
TOP OF THE 2ND
Oakland Oaks batting - Pitching for Northern Virginia Rainbow Mermaids : RHP Aurelio López
Batting: RHB Alfonso Nazario 0-0: SINGLE (Line Drive, 56)
Batting: SHB Joaquín Reyes 0-0: Swinging Strike
0-1: Ball
1-1: Foul Ball, location: 2F
1-2: Ball
2-2: Strikes out swinging
Batting: RHB Ricardo Téllez 0-0: Grounds into double play, 6-4-3 (Groundball, 6M)
Top of the 2nd over - 0 runs, 1 hit, 0 errors, 0 left on base; Oakland 2 - Northern Virginia 0
BOTTOM OF THE 2ND
Northern Virginia Rainbow Mermaids batting - Pitching for Oakland Oaks : LHP Felipe Lozano
Batting: LHB Kyoji Hakoda 0-0: Swinging Strike
0-1: Ball
1-1: Foul Ball, location: 2F
1-2: Strikes out swinging passed ball, reaches first!
Batting: RHB Mike Strickland 0-0: Called Strike
0-1: Ball
1-1: Called Strike
1-2: Foul Ball, location: 2F
1-2: Ball
2-2: Foul Ball, location: 2F
2-2: Fly out, F9 (Flyball, 9D)
Batting: SHB Melito Báez 0-0: Grounds into double play, 5-4-3 (Groundball, 5)
Bottom of the 2nd over - 0 runs, 0 hits, 0 errors, 0 left on base; Oakland 2 - Northern Virginia 0
TOP OF THE 3RD
Oakland Oaks batting - Pitching for Northern Virginia Rainbow Mermaids : RHP Aurelio López
Batting: SHB Luis Luquín 0-0: DOUBLE (Line Drive, 7LM)
Batting: RHB Colin O'Connell 0-0: Ball
1-0: Called Strike
1-1: Called Strike
1-2: SINGLE (Flyball, 9S)
Luis Luquín to third
Batting: RHB Mike Wazowski 0-0: Ball
1-0: Called Strike
1-1: SINGLE (Line Drive, 6MD)
Luis Luquín scores
Colin O'Connell to second
Batting: RHB Yehonatan Chazan 0-0: Ball
Wild Pitch!
Colin O'Connell to third
Mike Wazowski to second
1-0: Swinging Strike
1-1: Called Strike
1-2: Foul Ball, location: 2F
1-2: Ball
2-2: Ball
3-2: Foul Ball, location: 2F
3-2: Fly out, F8 (Flyball, 8RXD)
Runner from 3rd tags up, SCORES, no throw
Batting: RHB Joseph Papasogli 0-0: Ball
Mike Wazowski steals 3rd base
1-0: Ball
2-0: Called Strike
2-1: SINGLE (Groundball, 23) (infield hit)
Mike Wazowski scores
Batting: RHB Joe Phillips 0-0: Ball
1-0: Called Strike
1-1: Ball
2-1: Fly out, F8 (Flyball, 8RD)
Batting: RHB Alfonso Nazario 0-0: Called Strike
0-1: Ball
1-1: Ball
2-1: Ground out U3 (Groundball, 3S)
Top of the 3rd over - 3 runs, 4 hits, 0 errors, 1 left on base; Oakland 5 - Northern Virginia 0
BOTTOM OF THE 3RD
Northern Virginia Rainbow Mermaids batting - Pitching for Oakland Oaks : LHP Felipe Lozano
Batting: RHB JoJo Victory 0-0: Swinging Strike
0-1: Swinging Strike
0-2: Strikes out swinging
Batting: LHB Ty Tomblin 0-0: Swinging Strike
0-1: Ball
1-1: Foul Ball, location: 2F
1-2: Ball
2-2: TRIPLE (Flyball, 8RXD)
Batting: RHB Colt Cabana 0-0: Foul Ball, location: 2F
0-1: Ball
1-1: Ground out 5-3 (Groundball, 56)
Ty Tomblin scores
Batting: RHB Zahid Kashani 0-0: Ball
1-0: Ball
2-0: Ball
3-0: Base on Balls
Batting: LHB Scott Kerin 0-0: Ball
Zahid Kashani steals 2nd base
1-0: SINGLE (Line Drive, 8LS)
Zahid Kashani to third
Runner from 3rd tries for Home, throw and OUT!
Bottom of the 3rd over - 1 run, 2 hits, 0 errors, 1 left on base; Oakland 5 - Northern Virginia 1
TOP OF THE 4TH
Oakland Oaks batting - Pitching for Northern Virginia Rainbow Mermaids : RHP Aurelio López
Batting: SHB Joaquín Reyes 0-0: Ball
1-0: Ball
2-0: SINGLE (Line Drive, 3L)
Batting: RHB Ricardo Téllez 0-0: Called Strike
0-1: Foul Ball, location: 2F
0-2: Ball
1-2: Ball
2-2: Foul Ball, location: 2F
2-2: Strikes out swinging
Batting: SHB Luis Luquín 0-0: Ball
1-0: Swinging Strike
1-1: Called Strike
1-2: Fly out, F8 (Line Drive, 8LD)
Batting: RHB Colin O'Connell 0-0: Called Strike
0-1: Ball
1-1: Swinging Strike
1-2: DOUBLE (Line Drive, 7D)
Joaquín Reyes to third
Batting: RHB Mike Wazowski 0-0: Ball
1-0: Fly out, F7 (Flyball, 78M)
Top of the 4th over - 0 runs, 2 hits, 0 errors, 2 left on base; Oakland 5 - Northern Virginia 1
BOTTOM OF THE 4TH
Northern Virginia Rainbow Mermaids batting - Pitching for Oakland Oaks : LHP Felipe Lozano
Batting: SHB Galtero Suárez 0-0: Fly out, F7 (Line Drive, 7)
Batting: LHB Kyoji Hakoda 0-0: Ball
1-0: Swinging Strike
1-1: Ball
2-1: Ball
3-1: SINGLE (Groundball, 4MD)
Batting: RHB Mike Strickland 0-0: Called Strike
0-1: Ball
1-1: SINGLE (Line Drive, 9S)
Kyoji Hakoda to second
Throwing error, E9
Kyoji Hakoda scores
Mike Strickland to second
Batting: SHB Melito Báez 0-0: Swinging Strike
0-1: Fly out, F4 (Line Drive, 4)
Batting: RHB JoJo Victory 0-0: SINGLE (Groundball, 56D)
Mike Strickland to third
Runner from 3rd tries for Home, SAFE, no throw
Batting: LHB Ty Tomblin 0-0: Ground out 1-3 (Groundball, 15S)
Bottom of the 4th over - 2 runs, 3 hits, 1 error, 1 left on base; Oakland 5 - Northern Virginia 3
TOP OF THE 5TH
Oakland Oaks batting - Pitching for Northern Virginia Rainbow Mermaids : RHP Aurelio López
Batting: RHB Yehonatan Chazan 0-0: Ground out 6-3 (Groundball, 6)
Batting: RHB Joseph Papasogli 0-0: Called Strike
0-1: Swinging Strike
0-2: Ball
1-2: Ball
2-2: Ball
3-2: Ground out 6-3 (Groundball, 6)
Batting: RHB Joe Phillips 0-0: SINGLE (Groundball, 34D)
Batting: RHB Alfonso Nazario 0-0: Called Strike
0-1: DOUBLE (Line Drive, 5D)
Joe Phillips to third
Runner from 3rd tries for Home, SAFE, no throw
Pitching: RHP António Alomar
Batting: SHB Joaquín Reyes 0-0: Ball
1-0: Ball
2-0: Ball
3-0: Called Strike
3-1: Ground out 4-3 (Groundball, 4)
Top of the 5th over - 1 run, 2 hits, 0 errors, 1 left on base; Oakland 6 - Northern Virginia 3
BOTTOM OF THE 5TH
Northern Virginia Rainbow Mermaids batting - Pitching for Oakland Oaks : LHP Felipe Lozano
Batting: RHB Colt Cabana 0-0: Ball
1-0: Called Strike
1-1: SINGLE (Line Drive, 6M)
Batting: RHB Zahid Kashani 0-0: Ball
1-0: Ball
2-0: Ball
3-0: Called Strike
3-1: Fielders Choice at 2nd, 6-4 (Groundball, 6)
Batting: LHB Scott Kerin 0-0: Called Strike
Zahid Kashani steals 2nd base
0-1: Called Strike
0-2: Ball
1-2: Ball
2-2: Ball
3-2: Foul Ball, location: 2F
3-2: Ground out 5-3 (Groundball, 56S)
Zahid Kashani to third
Batting: SHB Galtero Suárez 0-0: Ball
1-0: Ground out 5-3 (Groundball, 5)
Bottom of the 5th over - 0 runs, 1 hit, 0 errors, 1 left on base; Oakland 6 - Northern Virginia 3
TOP OF THE 6TH
Oakland Oaks batting - Pitching for Northern Virginia Rainbow Mermaids : RHP António Alomar
Batting: RHB Ricardo Téllez 0-0: Called Strike
0-1: Fly out, F8 (Line Drive, 8LS)
Batting: SHB Luis Luquín 0-0: Foul Ball, location: 2F
0-1: Called Strike
0-2: Ball
1-2: Fly out, F9 (Flyball, 89M)
Batting: RHB Colin O'Connell 0-0: Foul Ball, location: 2F
0-1: Ground out 6-3 (Groundball, 6)
Top of the 6th over - 0 runs, 0 hits, 0 errors, 0 left on base; Oakland 6 - Northern Virginia 3
BOTTOM OF THE 6TH
Northern Virginia Rainbow Mermaids batting - Pitching for Oakland Oaks : LHP Felipe Lozano
Batting: LHB Kyoji Hakoda 0-0: Ball
1-0: Ball
2-0: Ball
3-0: Called Strike
3-1: Base on Balls
Batting: RHB Mike Strickland 0-0: Ball
1-0: Grounds into double play, 4-6-3 (Groundball, 4)
Batting: SHB Melito Báez 0-0: Ball
1-0: Fly out, F9 (Flyball, 9D)
Bottom of the 6th over - 0 runs, 0 hits, 0 errors, 0 left on base; Oakland 6 - Northern Virginia 3
TOP OF THE 7TH
Oakland Oaks batting - Pitching for Northern Virginia Rainbow Mermaids : RHP António Alomar
Batting: RHB Mike Wazowski 0-0: Swinging Strike
0-1: SOLO HOME RUN (Line Drive, 78XD), Distance : 428 ft
Batting: RHB Yehonatan Chazan 0-0: Called Strike
0-1: Foul Ball, location: 2F
0-2: Ball
1-2: SINGLE (Line Drive, 56)
Batting: RHB Joseph Papasogli 0-0: Ball
1-0: Ball
2-0: Fly out, F8 (Flyball, 8LM)
Batting: RHB Joe Phillips 0-0: Foul Ball, location: 2F
0-1: Foul Ball, location: 2F
0-2: Strikes out swinging
Batting: RHB Alfonso Nazario 0-0: Called Strike
0-1: Ball
1-1: 2-RUN HOME RUN (Flyball, 7LD), Distance : 358 ft
Batting: SHB Joaquín Reyes 0-0: Called Strike
0-1: Ball
1-1: Swinging Strike
1-2: Fly out, F3 (Line Drive, 3S)
Top of the 7th over - 3 runs, 3 hits, 0 errors, 0 left on base; Oakland 9 - Northern Virginia 3
BOTTOM OF THE 7TH
Northern Virginia Rainbow Mermaids batting - Pitching for Oakland Oaks : LHP Felipe Lozano
Batting: RHB JoJo Victory 0-0: Called Strike
0-1: Ball
1-1: Ground out 4-3 (Groundball, 4)
Batting: LHB Ty Tomblin 0-0: Ground out U3 (Groundball, 3L)
Batting: RHB Colt Cabana 0-0: Called Strike
0-1: Ball
1-1: Ground out 4-3 (Groundball, 4M)
Bottom of the 7th over - 0 runs, 0 hits, 0 errors, 0 left on base; Oakland 9 - Northern Virginia 3
TOP OF THE 8TH
Oakland Oaks batting - Pitching for Northern Virginia Rainbow Mermaids : RHP António Alomar
Batting: RHB Ricardo Téllez 0-0: Called Strike
0-1: SINGLE (Groundball, 6MD)
Batting: SHB Luis Luquín 0-0: Swinging Strike
0-1: Ball
1-1: Ball
2-1: Called Strike
2-2: Foul Ball, location: 2F
2-2: SINGLE (Groundball, 34D)
Ricardo Téllez to second
Ricardo Téllez to third
Batting: RHB Colin O'Connell 0-0: Fly out, F7 (Flyball, 7LS)
Runner from 3rd tags up, OUT at HOME
Luis Luquín to second
Batting: RHB Mike Wazowski 0-0: Called Strike
0-1: Ball
Passed Ball!
Luis Luquín to third
1-1: Ball
2-1: Foul Ball, location: 2F
2-2: Ball
3-2: Base on Balls
Batting: RHB Yehonatan Chazan 0-0: Ball
1-0: Ball
2-0: Ball
3-0: Called Strike
3-1: Fly out, F7 (Flyball, 7LS)
Top of the 8th over - 0 runs, 2 hits, 0 errors, 2 left on base; Oakland 9 - Northern Virginia 3
BOTTOM OF THE 8TH
Northern Virginia Rainbow Mermaids batting - Pitching for Oakland Oaks : LHP Felipe Lozano
Now in CF: Armando Rodríguez
Batting: RHB Zahid Kashani 0-0: Called Strike
0-1: Ball
1-1: Called Strike
1-2: Foul Ball, location: 2F
1-2: Ball
2-2: Fly out, F8 (Flyball, 8LM)
Batting: LHB Scott Kerin 0-0: Ball
1-0: Foul Ball, location: 2F
1-1: Foul Ball, location: 2F
1-2: Ground out U3 (Groundball, 34)
Batting: SHB Galtero Suárez 0-0: Foul Ball, location: 2F
0-1: Ball
1-1: Swinging Strike
1-2: Ball
2-2: SINGLE (Line Drive, 6M)
Pitching: RHP Artie Best
Batting: LHB Kyoji Hakoda 0-0: Called Strike
0-1: Foul Ball, location: 2F
0-2: 2-RUN HOME RUN (Flyball, 9LD), Distance : 359 ft
Batting: RHB Mike Strickland 0-0: Called Strike
0-1: Swinging Strike
0-2: Ball
1-2: Ball
2-2: Foul Ball, location: 2F
2-2: Foul Ball, location: 2F
2-2: Foul Ball, location: 2F
2-2: Ground out 4-3 (Groundball, 4)
Bottom of the 8th over - 2 runs, 2 hits, 0 errors, 0 left on base; Oakland 9 - Northern Virginia 5
TOP OF THE 9TH
Oakland Oaks batting - Pitching for Northern Virginia Rainbow Mermaids : RHP António Alomar
Pitching: RHP Christian Mustard
Batting: RHB Joseph Papasogli 0-0: Called Strike
0-1: Ball
1-1: Ball
2-1: Ball
3-1: Base on Balls
Batting: RHB Joe Phillips 0-0: Ball
1-0: Called Strike
1-1: Called Strike
1-2: Ball
2-2: Fly out, F6 (Popup, 6)
Batting: RHB Alfonso Nazario 0-0: Called Strike
0-1: Called Strike
0-2: Ball
1-2: Foul Ball, location: 2F
1-2: Fly out, F6 (Popup, 6MS)
Batting: SHB Joaquín Reyes 0-0: Foul Ball, location: 2F
0-1: Foul Ball, location: 2F
0-2: Strikes out swinging
Top of the 9th over - 0 runs, 0 hits, 0 errors, 1 left on base; Oakland 9 - Northern Virginia 5
BOTTOM OF THE 9TH
Northern Virginia Rainbow Mermaids batting - Pitching for Oakland Oaks : RHP Artie Best
Batting: SHB Melito Báez 0-0: Ball
1-0: Ball
2-0: Ground out 6-3 (Groundball, 56)
Batting: RHB JoJo Victory 0-0: Ball
1-0: Called Strike
1-1: Swinging Strike
1-2: Foul Ball, location: 2F
1-2: Foul Ball, location: 2F
1-2: Ball
2-2: Ground out 6-3 (Groundball, 6)
Batting: LHB Ty Tomblin 0-0: Fly out, F6 (Flyball, 6D)
Bottom of the 9th over - 0 runs, 0 hits, 0 errors, 0 left on base; Oakland 9 - Northern Virginia 5
Tuesday, June 12th, 2018 - OOTP Baseball 18.8 Build 76